 Dungeon Crawl Stone Soup version 0.21-a0-241-g2cbab09 (webtiles) character file.

224 tidbits the Insei (level 5, -2/39 HPs)
             Began as a Demigod Transmuter on Sept 3, 2017.
             Slain by a big kobold
             ... wielding a +0 dagger
              (6 damage)
             ... in a sewer.
             The game lasted 00:08:15 (1184 turns).

tidbits the Insei (Demigod Transmuter)              Turns: 1184, Time: 00:08:16

Health: -2/39      AC:  2    Str: 13    XL:     5   Next: 39%
Magic:  0/10       EV: 12    Int: 19    God:
Gold:   92         SH:  0    Dex: 16    Spells: 2/8 levels left

rFire    . . .     SeeInvis .     - Unarmed
rCold    . . .     Gourm    .   (no shield)
rNeg     . . .     Faith    .   b - +0 robe
rPois    .         Spirit   .   (no helmet)
rElec    .         Reflect  .   (no cloak)
rCorr    .         Harm     .   (no gloves)
MR       .....                  (no boots)
Stlth    +.........             (no amulet)
HPRegen  0.13/turn              (no ring)
MPRegen  0.12/turn              (no ring)

@: appendage, very slightly contaminated
A: horns 2, high mp 1
a: End Transformation


You were in a sewer.
You were hungry.
You had grown temporary horns.
You visited 1 branch of the dungeon, and saw 3 of its levels.
You also visited: Sewer.

You collected 92 gold pieces.

Inventory:

Missiles
 a - an arrow
 e - 59 stones (quivered)
Armour
 b - a +0 robe (worn)
Scrolls
 f - a scroll of blinking
 g - a scroll of fear {unknown}
 h - a scroll of random uselessness {unknown}
 i - a scroll of recharging {unknown}
 j - a scroll of fog
 k - a scroll of identify {unknown}
 o - a scroll of magic mapping {unknown}
Potions
 m - 2 potions of heal wounds
 n - a potion of brilliance
Books
 c - a book of Changes

   Spells                             Type                      Level
   a - Beastly Appendage              Transmutation                1
   b - Sticks to Snakes               Transmutation                2
   c - Spider Form                    Transmutation/Poison         3
   d - Ice Form                       Ice/Transmutation            4
   e - Blade Hands                    Transmutation                5
Comestibles
 d - 3 bread rations


   Skills:
 - Level 0.8 Fighting
 - Level 1.7 Dodging
 * Level 4.9 Unarmed Combat
 - Level 2.0 Spellcasting
 + Level 3.3 Transmutations


You had 2 spell levels left.
You knew the following spells:

 Your Spells              Type           Power        Failure   Level  Hunger
e - Beastly Appendage     Tmut           ##....       4%          1    #......
k - Sticks to Snakes      Tmut           ##......     6%          2    ###....
p - Spider Form           Tmut/Pois      #.........   26%         3    ###....


Dungeon Overview and Level Annotations

Branches:
Dungeon (3/15)


Innate Abilities, Weirdness & Mutations

You have an increased reservoir of magic. (+10% MP)
You have a pair of horns on your head.


Message History

Found a gate leading back out of this place.
Unknown command.
The big kobold throws a stone.
The stone closely misses you. The stone hits your ball python.
Your ball python dies!
You hear a splash.
There is a large open door here.
The big kobold hits you with a dagger.
The kobold throws a stone.
The stone hits you but does no damage.
You see here a stone.
You closely miss the big kobold. The big kobold hits you with a dagger.
The kobold throws a stone.
The stone hits your ball python.
Your ball python barely misses the big kobold.
Your ball python completely misses the big kobold.
All of the chunks of flesh in your inventory have rotted away.
You hit the big kobold.
The big kobold is lightly wounded.
The big kobold hits you with a dagger.
The kobold hits your ball python with a whip.
Your ball python dies!
You barely miss the big kobold.
The big kobold is lightly wounded.
The big kobold hits you with a dagger.
Casting: Spider Form
Confirm with . or Enter, or press ? or * to list all spells.
You grow a pair of large bovine horns.
The big kobold hits you but does no damage.
The kobold closely misses you.
You closely miss the kobold. The big kobold closely misses you.
The kobold hits you but does no damage.
You hit the kobold. Your headbutt misses the kobold.
The kobold is moderately wounded.
The big kobold hits you with a dagger. The kobold hits you with a whip.
You hit the kobold.
You kill the kobold!
The big kobold hits you with a dagger.
* * * LOW HITPOINT WARNING * * *
You barely miss the big kobold.
The big kobold is lightly wounded.
The big kobold barely misses you.
You closely miss the big kobold.
The big kobold is lightly wounded.
You barely miss the big kobold.
The big kobold is lightly wounded.
The big kobold hits you with a dagger.
* * * LOW HITPOINT WARNING * * *
You hit the big kobold but do no damage.
Your headbutt misses the big kobold.
The big kobold is lightly wounded.
The big kobold closely misses you.
You miss the big kobold.
The big kobold is lightly wounded.
The big kobold barely misses you.
Casting: Beastly Appendage
Confirm with . or Enter, or press ? or * to list all spells.
You create a snake!
You now have 1 arrow.
The big kobold closely misses you.
You hit the big kobold.
The big kobold is lightly wounded.
The big kobold hits you with a dagger.
* * * LOW HITPOINT WARNING * * *
Your ball python barely misses the big kobold.
Your ball python grabs the big kobold.
Your ball python constricts the big kobold.
You barely miss the big kobold.
The big kobold is lightly wounded.
The big kobold hits you with a dagger.
* * * LOW HITPOINT WARNING * * *
Your ball python bites the big kobold but does no damage.
Your ball python constricts the big kobold.
You hit the big kobold.
You headbutt the big kobold, but do no damage.
The big kobold is lightly wounded.
The big kobold hits you with a dagger.
* * * LOW HITPOINT WARNING * * *
Your ball python bites the big kobold.
Your ball python constricts the big kobold.
You hit the big kobold. You headbutt the big kobold.
The big kobold is moderately wounded.
Your ball python bites the big kobold but does no damage.
Your ball python constricts the big kobold.
The big kobold closely misses you.
You hit the big kobold but do no damage.
You headbutt the big kobold.
The big kobold is heavily wounded.
Your ball python bites the big kobold but does no damage.
Your ball python constricts the big kobold.
The big kobold hits you with a dagger.
* * * LOW HITPOINT WARNING * * *
You hit the big kobold.
The big kobold is severely wounded.
Your ball python bites the big kobold but does no damage.
Your ball python constricts the big kobold.
The big kobold hits you with a dagger.
* * * LOW HITPOINT WARNING * * *
You hit the big kobold.
The big kobold is almost dead.
Your ball python completely misses the big kobold.
Your ball python constricts the big kobold.
The big kobold hits you with a dagger.
You die...

###########≈######
#≈≈≈≈≈≈≈≈≈≈≈≈≈≈≈≈≈
#≈≈≈≈≈≈≈≈≈≈≈≈≈≈≈≈≈
#≈≈≈≈≈≈≈≈≈≈≈≈≈≈≈≈≈
######≈##########≈≈≈≈
#....#≈≈≈P...≈≈≈≈≈≈≈P
#!∩!.'≈≈≈≈...≈≈≈P≈≈≈≈
#..K)'(P.≈.......≈≈≈≈
#.S.@#...............
######......##..†...†
##########...#..
#...#.. #####.. ###


You could see a big kobold and a friendly ball python.

Vanquished Creatures
  2 big kobolds (Sewer)
  A water moccasin skeleton (D:3)
  2 adders (D:2)
  A dart slug (D:1)
  5 ball pythons (Sewer)
  3 bats
  A giant cockroach (D:2)
  6 goblins
  2 hobgoblins
  4 frilled lizards
  3 kobolds
  7 rats
37 creatures vanquished.

Vanquished Creatures (collateral kills)
  An adder (D:3)
  2 kobolds (Sewer)
3 creatures vanquished.

Grand Total: 40 creatures vanquished

Notes
Turn   | Place    | Note
-------+----------+-------------------------------------------
     0 | D:1      | tidbits the Demigod Transmuter began the quest for the Orb.
     0 | D:1      | Reached XP level 1. HP: 15/15 MP: 5/5
    75 | D:1      | Reached skill level 2 in Spellcasting
   304 | D:1      | Reached skill level 2 in Transmutations
   304 | D:1      | Reached XP level 2. HP: 20/22 MP: 5/7
   308 | D:1      | Learned a level 2 spell: Sticks to Snakes
   366 | D:2      | Reached skill level 3 in Unarmed Combat
   789 | D:3      | Reached XP level 3. HP: 27/27 MP: 6/8
   825 | D:3      | Reached XP level 4. HP: 11/34 MP: 6/9
   829 | D:3      | Found a glowing drain.
   842 | Sewer    | Entered a sewer
   916 | Sewer    | Reached skill level 4 in Unarmed Combat
  1039 | Sewer    | Learned a level 3 spell: Spider Form
  1042 | Sewer    | Noticed a big kobold
  1042 | Sewer    | Noticed a big kobold
  1049 | Sewer    | Killed a big kobold
  1049 | Sewer    | Reached skill level 3 in Transmutations
  1106 | Sewer    | Killed a big kobold
  1106 | Sewer    | Reached XP level 5. HP: 39/39 MP: 1/10
  1184 | Sewer    | Slain by a big kobold

Vault maps used:
D:1:      minmay_arrival_stone_box
D:3:      first_bread, portal_sewer_entry_d, chequers_ecumenical_altar_lobes,
          kennysheep_generic_room_10
Sewer:    kennysheep_pipe_town

Skill      XL: |  1  2  3  4 |
---------------+-------------+-----
Spellcasting   | 2 |  2.0
Transmutations | 2 3 |  3.3
Unarmed Combat | 3 4 |  4.9
Fighting       | |  0.8
Dodging        | |  1.7

Action                   |  1- 3 |  4- 6 || total
-------------------------+-------+-------++-------
Melee: Unarmed           |    69 |    50 ||   119
       Headbutt          |    10 |     4 ||    14
       Kick              |     4 |     4 ||     8
 Cast: Beastly Appendage |    16 |    10 ||    26
       Sticks to Snakes  |     4 |     6 ||    10
       Spider Form       |       |     2 ||     2
  Use: Scroll            |       |     2 ||     2
       Potion            |       |     2 ||     2
 Stab: Sleeping          |     1 |       ||     1
       Distracted        |       |     3 ||     3
  Eat: Chunk             |       |     2 ||     2
Armor: Robe              |     5 |     9 ||    14
Dodge: Dodged            |    41 |    44 ||    85

Table legend:
 A = Spawn XP
 B = Non-spawn XP
 C = Spawn XP percentage of total XP
 D = Spawn monster count
 E = Non-spawn monster count
 F = Spawn count percentage of total count
 G = Total turns spent on level
                    A         B        C        D         E        F      G
               +---------+---------+-------+---------+---------+-------+---------
         Total |       0 |     320 |   0.0 |       0 |      40 |   0.0 |  1184
               +---------+---------+-------+---------+---------+-------+---------
           D:1 |       0 |      20 |   0.0 |       0 |      12 |   0.0 |   502
           D:2 |       0 |      22 |   0.0 |       0 |       4 |   0.0 |   163
           D:3 |       0 |      80 |   0.0 |       0 |       8 |   0.0 |   177
         Sewer |       0 |     198 |   0.0 |       0 |      16 |   0.0 |   342
               +---------+---------+-------+---------+---------+-------+---------

Table legend:
 A = Turns spent in this place as a percentage of turns spent in the entire game.
 B = Non-inter-level travel turns spent in this place as a percentage of non-inter-level travel turns spent in the entire game.
 C = Inter-level travel turns spent in this place as a percentage of turns spent in this place.
 D = Turns resting spent in this place as a percentage of non-inter-level travel turns spent in this place.
 E = Turns spent auto-exploring this place as a percentage of non-inter-level travel turns spent in this place.
 F = Non-inter-level travel turns spent in this place divided by the number of levels of this place that you've seen.
                   A       B       C       D       E      F
               +-------+-------+-------+-------+-------+----------------------
         Total | 100.0 | 100.0 |   5.7 |   0.0 |   0.0 | 279.0
       Dungeon |  71.1 |  69.4 |   8.1 |   0.0 |   0.0 | 258.0
         Sewer |  28.9 |  30.6 |   0.0 |   0.0 |   0.0 | 342.0
               +-------+-------+-------+-------+-------+----------------------

Table legend:
 A = Kills in this place as a percentage of kills in entire the game.
 B = Kills by you in this place as a percentage of kills by you in the entire game.
 C = Kills by friends in this place as a percentage of kills by friends in the entire game.
 D = Other kills in this place as a percentage of other kills in the entire game.
 E = Experience gained in this place as a percentage of experience gained in the entire game.
 F = Experience gained in this place divided by the number of levels of this place that you have seen.
                   A       B       C       D       E      F
               +-------+-------+-------+-------+-------+----------------------
         Total | 100.0 | 100.0 | 100.0 |   N/A | 100.0 |  80.0
       Dungeon |  60.0 |  62.2 |  33.3 |   N/A |  38.1 |  40.7
         Sewer |  40.0 |  37.8 |  66.7 |   N/A |  61.9 | 198.0
               +-------+-------+-------+-------+-------+----------------------

Vault maps used:
D:1:      minmay_arrival_stone_box
D:3:      first_bread, portal_sewer_entry_d, chequers_ecumenical_altar_lobes,
          kennysheep_generic_room_10
Sewer:    kennysheep_pipe_town
